 Dungeon Crawl Stone Soup version 0.27-a0-279-gdfb9265905 (webtiles) character file.

Game seed: 8865374880536455973

55 Fenrir042 the Conjurer (level 3, -6/19 HPs)
             Began as a Deep Elf Conjurer on Feb 7, 2021.
             Mangled by a gnoll
             ... wielding a +0 flail
              (12 damage)
             ... on level 2 of the Dungeon.
             The game lasted 00:03:18 (1309 turns).

Fenrir042 the Conjurer (Deep Elf Conjurer)          Turns: 1309, Time: 00:03:21

Health: -6/19      AC:  2    Str:  4    XL:     3   Next: 67%
Magic:  1/10       EV: 12    Int: 23    God:
Gold:   41         SH:  0    Dex: 13    Spells: 6/9 levels left

rFire    . . .     SeeInvis .   (no weapon)
rCold    . . .     Faith    .   (no shield)
rNeg     . . .     Spirit   .   a - +0 robe
rPois    .         Reflect  .   (no helmet)
rElec    .         Harm     .   (no cloak)
rCorr    .         Rampage  .   (no gloves)
Will     .....                  (no boots)
Stlth    ++........             (no amulet)
HPRegen  0.06/turn              (no ring)
MPRegen  0.12/turn              (no ring)

@: no status effects
A: no striking features
a: no special abilities


You were on level 2 of the Dungeon.
You visited 1 branch of the dungeon, and saw 2 of its levels.

You collected 41 gold pieces.

Inventory:

Armour
 a - a +0 robe (worn)
Scrolls
 c - a scroll of random uselessness {unknown}
 d - a scroll of fear {unknown}
 g - a scroll of immolation {unknown}
 h - 5 scrolls of identify {unknown}
Potions
 b - 2 potions of invisibility {unknown}
 e - a potion of curing {unknown}
 f - a potion of lignification {unknown}
 i - a potion of resistance {unknown}


   Skills:
 + Level 2.5 Dodging
 - Level 2.4 Stealth
 * Level 3.9 Spellcasting
 * Level 5.5 Conjurations


You had 6 spell levels left.
You knew the following spells:

 Your Spells              Type           Power        Failure   Level
a - Magic Dart            Conj           100%         1%          1
b - Searing Ray           Conj           58%          1%          2

Your spell library contained the following spells:

 Spells                   Type           Power        Failure   Level
 Dazzling Flash           Conj/Hex       34%          11%         3
 Fulminant Prism          Conj/Hex       8%           34%         4
 Iskenderun's Mystic Bla  Conj/Tloc      17%          34%         4


Dungeon Overview and Level Annotations

Branches:
Dungeon (2/15)

Altars:
Ashenzari

Annotations:
D:2 Sigmund


Message History

The gnoll hits you with a +0 flail.
Sigmund casts a spell at himself.
Sigmund flickers and vanishes!
Deactivating autopickup; reactivate with Ctrl-A.
The gnoll misses you.
A gnoll comes into view. It is wielding a +0 spear.
The searing ray hits the gnoll.
The gnoll is heavily wounded.
The searing ray hits the gnoll shaman.
The gnoll shaman is heavily wounded.
The searing ray hits something!
The gnoll hits you with a +0 flail!
The gnoll shaman calls upon its god to heal the gnoll.
The gnoll is healed somewhat.
The searing ray hits the gnoll.
The gnoll is moderately wounded.
The searing ray hits the gnoll shaman.
The gnoll shaman is severely wounded.
The searing ray misses the kobold.
The gnoll hits you with a +0 flail!
Ouch! That really hurt!
You die...

..# #....# ..# #....#
..# ####....# ..#
###.......#
..#######..)##....#
..##......####....#
...........# #....#
...........# #....#
...........# ###@##
.#.........# #g#
.#...[.....# #g#
.#.........# ##.####
.#.........# #.gK(@####
.#.........####g###K...#
.###..#####.....@......#
.# ..# #.####)####..# ..
.## ....? ..#


You could see a gnoll shaman, 3 gnolls and a kobold.

Vanquished Creatures
  A gnoll (D:2)
  An adder (D:2)
  A worm (D:2)
  A dart slug (D:1)
  A leopard gecko (D:1)
  2 ball pythons (D:1)
  5 goblins
  2 hobgoblins
  5 kobolds
  7 bats
  3 frilled lizards (D:1)
29 creatures vanquished.

Notes
Turn   | Place    | Note
-------+----------+-------------------------------------------
     0 | D:1      | Fenrir042 the Deep Elf Conjurer began the quest for the
                  | Orb.
     0 | D:1      | Reached XP level 1. HP: 10/10 MP: 6/6
   221 | D:1      | Reached XP level 2. HP: 12/15 MP: 4/8
   281 | D:1      | Learned a level 2 spell: Searing Ray
   553 | D:1      | Reached skill level 5 in Conjurations
  1085 | D:2      | Reached XP level 3. HP: 19/19 MP: 0/10
  1263 | D:2      | Found a broken altar of Ashenzari.
  1287 | D:2      | Noticed Sigmund
  1309 | D:2      | Mangled by a gnoll

Illustrated notes

Levels and vault maps discovered:
D:1:      heliophobic_arrival_battle_scene, layout_basic
D:2:      layout_rooms, old_standard_altar, uniq_sigmund

Skill      XL: |  1  2 |
---------------+-------+-----
Conjurations   | 5 |  5.5
Dodging        | |  2.5
Stealth        | |  2.4
Spellcasting   | |  3.9

Action                   || total
-------------------------++-------
Melee: Unarmed           ||     3
 Cast: Magic Dart        ||    57
       Searing Ray       ||     2
Armor: Robe              ||     1
Dodge: Dodged            ||    11

Table legend: (Time is in decaauts)
 A = Elapsed time spent in this place.
 B = Non-inter-level travel time spent in this place.
 C = Inter-level travel time spent in this place.
 D = Time resting spent in this place.
 E = Time spent auto-exploring this place.
 F = Levels seen in this place.
 G = Mean time per level.
                   A        B        C        D        E       F      G
               +--------+--------+--------+--------+--------+-----+--------+
         Total |   1308 |   1275 |     33 |    122 |   1025 |   2 |  654.0 |
       Dungeon |   1308 |   1275 |     33 |    122 |   1025 |   2 |  654.0 |
               +--------+--------+--------+--------+--------+-----+--------+

Top non-repeatable levels by time:
     D:1: 1074 daAuts
     D:2: 234 daAuts
